 Dungeon Crawl Stone Soup version 0.31-a0-1499-ge0622b2318 (webtiles) character file.

Game seed: 3975802156448522689

9 dialectric the Sneak (level 2, -1/21 HPs)
             Began as an Octopode Delver on Dec 29, 2023.
             Killed by nerve-wracking pain
             ... invoked by Grinder
              (13 damage)
             ... on level 5 of the Dungeon.
             The game lasted 00:00:38 (90 turns).

dialectric the Sneak (Octopode Delver)                Turns: 90, Time: 00:00:38

Health: -1/21      AC:  1    Str: 11    XL:     2   Next: 12%
Magic:  2/2        EV: 13    Int: 12    God:
Gold:   52         SH:  0    Dex: 13    Spells: 1/1 levels left

rFire   . . .        a - +0 short sword
rCold   . . .        (no shield)
rNeg    . . .        (helmet restricted)
rPois   .            (no amulet)
rElec   .            (no ring)
rCorr   .            (no ring)
SInv    .            (no ring)
Will    .....        (no ring)
Stlth   ++++         (no ring)
HPRegen 0.23/turn    (no ring)
MPRegen 0.08/turn    (no ring)
                     (no ring)

%: no passive effects
@: no status effects
A: almost no armour, amphibious, 8 rings, camouflage 1, gelatinous body 1,
(nimble swimmer 1), tentacles
a: no special abilities


You were on level 5 of the Dungeon.
You visited 1 branch of the dungeon, and saw 1 of its levels.

You collected 52 gold pieces.

Inventory:

Hand Weapons
 a - a +0 short sword (weapon)
Jewellery
 g - an amulet of magic regeneration
Wands
 f - a wand of digging (3)
Scrolls
 b - a scroll of fog
 c - a scroll of revelation
 d - a scroll of fear
Potions
 e - a potion of haste


   Skills:
 + Level 3.1 Fighting
 + Level 2.2 Short Blades
 + Level 2.2 Dodging
 + Level 6.7 Stealth


You had one spell level left.
You didn't know any spells.
Your spell library was empty.

Dungeon Overview and Level Annotations

Branches:
Dungeon (5/15)
 Temple: D:4-7

Altars:
Xom

Annotations:
D:5 Grinder


Innate Abilities, Weirdness & Mutations

You cannot wear most types of armour.
You are amphibious.
You can wear up to eight rings at the same time.
Your skin changes colour to match your surroundings (Stealth+).
Your rubbery body absorbs attacks. (AC +1, EV +1)
((You are camouflaged when in or above water. (Stealth+)))
You have tentacles for arms and can constrict up to eight enemies at once.


Message History

Unknown command.
There is a stone staircase leading down here.
Found 8 gold pieces.
You now have 21 gold pieces (gained 8).
An adder comes into view.
Found a dented sapphire amulet.
Found a shimmering altar of Xom.
The helpless adder fails to defend itself.
You puncture the adder!
You kill the adder!
You have reached level 2!
Found a shimmering altar of Xom.
There is a fountain of clear blue water here.
Found a shimmering altar of Xom.
g - an amulet of magic regeneration
Okay, then.
You enter the shallow water.
Unknown command.
Unknown command.
You enter the shallow water.
There is a fountain of clear blue water here.
Found 12 gold pieces.
Found 19 gold pieces.
You now have 33 gold pieces (gained 12).
Grinder comes into view.
Grinder shouts!
You see here 19 gold pieces.
You now have 52 gold pieces (gained 19).
Grinder gestures at you. Pain shoots through your body!
Ouch! That really hurt!
Something unseen opens the door.
Unknown command.
Found 4 stones.
Unknown command.
Grinder sighs, "No one appreciates my work."
Grinder gestures at you. Pain shoots through your body!
Ouch! That really hurt!
You die...
Grinder sighs, "Dead already?
I want a refund."

#.#.#.#.#.#'.......# #.#
# #.#.#.#.#.#.......#
#.### .#.#.#.#.#........#
#...⌠
#.#.#.#.#.#.#.#######.###
#.#.#.#.#.#..#.........#
#.#.#.#.#.#.#.#########
#.#.#5#.#.#.##.#
#.#.#.#.#.#.###.#######
#.#.#.#..@..............
+#.#.#.#.....##.........
....#.#.......##########
....#.#.#.#+#.#...
(...+#.#.#. .#.#..# ..
#.#.# # # #...# #.#.#
..#.# .#.# #...


You could see Grinder.

Vanquished Creatures
  An adder (D:5)
1 creature vanquished.

Notes
Turn   | Place    | Note
-------+----------+-------------------------------------------
     0 | D:5      | dialectric the Octopode Delver began the quest for the Orb.
     0 | D:5      | Reached XP level 1. HP: 16/16 MP: 1/1
    31 | D:5      | Found a shimmering altar of Xom.
    34 | D:5      | Reached XP level 2. HP: 21/21 MP: 2/2
    34 | D:5      | Found a shimmering altar of Xom.
    35 | D:5      | Found a shimmering altar of Xom.
    74 | D:5      | Noticed Grinder
    90 | D:5      | Killed from afar by Grinder

Illustrated notes

Levels and vault maps discovered:
D:5:      layout_basic, xom_redecorated, kennysheep_little_box, serial_shops,
          nicolae_diamond_shop, uniq_grinder

Action                     || total
---------------------------++-------
  Melee: Short sword       ||     1
   Stab: Sleeping          ||     1

Table legend: (Time is in decaauts)
 A = Elapsed time spent in this place.
 B = Non-inter-level travel time spent in this place.
 C = Inter-level travel time spent in this place.
 D = Time resting spent in this place.
 E = Time spent auto-exploring this place.
 F = Levels seen in this place.
 G = Mean time per level.
                   A        B        C        D        E       F      G
               +--------+--------+--------+--------+--------+-----+--------+
         Total |     89 |     89 |      0 |      0 |      0 |   1 |   89.0 |
       Dungeon |     89 |     89 |      0 |      0 |      0 |   1 |   89.0 |
               +--------+--------+--------+--------+--------+-----+--------+

Top non-repeatable levels by time:
     D:5: 89 daAuts
